 Dungeon Crawl Stone Soup version bcrawl-1.21.2-28-g2cb1824106 (webtiles) character file.

Game seed: 4576462172312917384

587 Banto the Confident (level 7, 0/60 HPs)
             Began as a Demigod Wanderer on Mar 4, 2020.
             Slain by a hippogriff (8 damage)
             ... on level 4 of the Dungeon.
             The game lasted 00:08:38 (6335 turns).

Banto the Confident (Demigod Wanderer)              Turns: 6335, Time: 00:08:39

Health: 0/60       AC: 11    Str: 20    XL:     7   Next: 15%
Magic:  13/13      EV:  6    Int: 15    God:    Demigod [**....]
Gold:   263        SH:  0    Dex: 17    Spells: 6/6 levels left

rFire    . . .     SeeInvis .   j - +4 quarterstaff (chaos)
rCold    . . .     Gourm    .   (shield currently unavailable)
rNeg     . . .     Faith    .   k - +0 plate armour
rPois    .         Spirit   .   (no helmet)
rElec    .         Reflect  .   (no cloak)
rCorr    .         Harm     .   (no gloves)
MR       .....                  (no boots)
Stlth    ..........             (no amulet)
HPRegen  0.20/turn              (no ring)
MPRegen  0.13/turn              (no ring)

@: no status effects
A: high mp 1
a: Temporal Distortion, Growth


You were on level 4 of the Dungeon.
You worshipped Demigod.
Demigod was pleased with you.
You were not hungry.

You visited 1 branch of the dungeon, and saw 4 of its levels.
You also visited: Sewer.

You collected 263 gold pieces.

Inventory:

Hand Weapons
 a - a +1 hand axe
 j - a +4 quarterstaff of chaos (weapon)
Missiles
 f - 50 tomahawks (quivered)
Armour
 k - a +0 plate armour (worn)
 n - a +0 buckler
 s - a +0 cloak
Wands
 p - a wand of iceblast (4)
Scrolls
 g - 4 scrolls of remove curse
 l - a scroll of magic mapping
 m - 6 scrolls of teleportation
 o - a scroll of fog
 q - 2 scrolls of identify
Potions
 b - a potion of heal wounds {unknown}
 c - 2 potions of resistance
 d - a potion of ambrosia
 h - a potion of might {unknown}
 i - 2 potions of curing
 r - a potion of mutation {unknown}
Comestibles
 e - 6 rations {!d}


   Skills:
 + Level 4.3 Fighting
   Level 1.7 Long Blades
 + Level 3.4 Axes
 + Level 3.5 Armour
 - Level 2.0 Stealth
 - Level 1.0 Shields
 + Level 4.7 Invocations


You had 6 spell levels left.
You didn't know any spells.
Your spell library was empty.

Dungeon Overview and Level Annotations

Branches:
Dungeon (4/12)
 Temple: D:4-7

Annotations:
D:3 2 transporters, Quickbrownfox's ghost, amateur DsAc


Innate Abilities, Weirdness & Mutations

You have an increased reservoir of magic. (+10% MP)


Message History

Pain shoots through your body!
You hit the hippogriff. You freeze the hippogriff.
The hippogriff is almost dead.
The orc barely misses you. The hippogriff bites you!
* * * LOW HITPOINT WARNING * * *
The hippogriff barely misses you. The hippogriff claws you.
* * * LOW HITPOINT WARNING * * *
The orc hits you but does no damage. The hippogriff barely misses you.
The hippogriff pecks you but does no damage.
The hippogriff claws you but does no damage.
You barely miss the hippogriff.
The hippogriff is almost dead.
The orc hits you with a +0 trident.
* * * LOW HITPOINT WARNING * * *
The orc hits you with a +0 mace.
* * * LOW HITPOINT WARNING * * *
The orc priest hits you but does no damage.
The hippogriff bites you!
You die...
Your divinity fades.

### .. .. ##. .. ##.##
#.oo# .. #.H@# ##.#
#.o.# #..# #...# #..###.
#...# #..###
.###...###..# #
.............# .###
.............###+###....
..............).........
..###...####.###.#.##.##


You could see a hippogriff, an orc priest and 2 orcs.

Vanquished Creatures
  Edmund (D:4)
  A crimson imp (D:2)
  An orc wizard (D:3)
  An orc priest (D:4)
  An iguana (D:3)
  Crazy Yiuf (D:3)
  Natasha (thrice) (D:3)
  5 adders
  4 gnolls (D:4)
  5 river rats (Sewer)
  2 oozes
  3 worms (D:3)
  2 dart slugs
  6 leopard geckos
  6 orcs (D:3)
  3 bats (D:1)
  4 giant cockroaches (D:1)
  6 goblins
  6 hobgoblins
  4 jackals (D:3)
  8 kobolds
  A quokka (D:2)
  4 ball pythons
  11 frilled lizards
  17 rats
106 creatures vanquished.

Notes
Turn   | Place    | Note
-------+----------+-------------------------------------------
     0 | D:1      | Banto the Demigod Wanderer began the quest for the Orb.
     0 | D:1      | Banto set off with the following items: a +0 hand axe, a +0
                  | medium shield, a +0 falchion, a +0 robe, a ration {!d}, a
                  | +0 dagger
     0 | D:1      | Reached XP level 1. HP: 18/18 MP: 3/3
   362 | D:1      | Reached skill level 1 in Invocations
   370 | D:1      | Reached XP level 2. HP: 11/25 MP: 3/5
   864 | D:1      | Reached XP level 3. HP: 29/31 MP: 6/6
  1467 | D:2      | Found a faded altar of an unknown god.
  1653 | D:2      | Found an ornate altar of the Wu Jian Council.
  2069 | D:2      | Reached * piety under Demigod
  2441 | D:2      | Reached XP level 4. HP: 38/38 MP: 8/8
  2650 | D:3      | Noticed an ice beast
  2725 | D:3      | HP: 1/38 [orc (2)]
  2999 | D:3      | Found a glowing drain.
  3003 | Sewer    | Entered a sewer
  3092 | Sewer    | Reached XP level 5. HP: 45/45 MP: 9/9
  3130 | Sewer    | HP: 1/45 [river rat (7)]
  3152 | Sewer    | HP: 3/67 [river rat (5)]
  3926 | D:3      | Reached ** piety under Demigod
  4235 | D:3      | Noticed Natasha
  4257 | D:3      | Killed Natasha
  4452 | D:3      | Reached XP level 6. HP: 52/52 MP: 11/11
  4625 | D:3      | Noticed Quickbrownfox's ghost (amateur DsAc)
  4627 | D:3      | Identified the +8 dire flail of Intimidation {venom, Dex+3}
  4628 | D:3      | Found a transporter.
  4670 | D:3      | Found a transporter.
  4677 | D:3      | Noticed Natasha
  4688 | D:3      | Killed Natasha
  4772 | D:3      | Noticed Natasha
  5161 | D:3      | Killed Natasha
  5437 | D:3      | Found a runed door.
  5443 | D:3      | Noticed Crazy Yiuf
  5447 | D:3      | Paralysed by Crazy Yiuf for 2 turns
  5463 | D:3      | Killed Crazy Yiuf
  5915 | D:4      | Found a corrupted altar of Lugonu.
  6100 | D:4      | Noticed Edmund
  6120 | D:4      | Killed Edmund
  6120 | D:4      | Reached XP level 7. HP: 19/60 MP: 13/13
  6325 | D:4      | Noticed a hippogriff
  6335 | D:4      | Slain by a hippogriff

Skill      XL: |  1  2  3  4  5  6 |
---------------+-------------------+-----
Invocations    | 1 2 3 4 |  4.7
Fighting       | 3 4 |  4.3
Axes           | 2 3 |  3.4
Armour         | 2 3 |  3.5
Long Blades    | |  1.7
Stealth        | |  2.0
Shields        | |  1.0

Action                   |  1- 3 |  4- 6 |  7- 9 || total
-------------------------+-------+-------+-------++-------
Melee: Hand axe          |   175 |   274 |       ||   449
       Quarterstaff      |       |    24 |    11 ||    35
       Mace              |       |     6 |       ||     6
Throw: Tomahawk          |    10 |     4 |       ||    14
Invok: Growth            |       |     1 |       ||     1
Evoke: Wand              |       |     2 |       ||     2
  Use: Scroll            |     7 |     3 |       ||    10
       Potion            |       |     3 |       ||     3
 Stab: Sleeping          |     1 |       |       ||     1
  Eat: Chunk             |     5 |    13 |       ||    18
Armor: Ring mail         |    53 |       |       ||    53
       Robe              |     2 |       |       ||     2
       Plate armour      |     9 |   198 |    26 ||   233
       Skin              |       |    27 |       ||    27
Dodge: Dodged            |    83 |    78 |    10 ||   171
